 Dungeon Crawl Stone Soup version 0.29-a0-416-g83a48905f1 (webtiles) character file.

Game seed: 6594333828272210594

838 Foxy the Cutter (level 7, -21/59 HPs)
             Began as a Palentonga Fighter on May 16, 2022.
             Demolished by a komodo dragon (22 damage)
             ... on level 5 of the Dungeon.
             The game lasted 00:04:28 (4830 turns).

Foxy the Cutter (Palentonga Fighter)                Turns: 4830, Time: 00:04:29

Health: -21/59     AC: 18    Str: 19    XL:     7   Next: 67%
Magic:  0/7        EV:  7    Int:  9    God:
Gold:   129        SH:  5    Dex: 11    Spells: 6/6 levels left

rFire   . . .      SeeInvis +   i - +2 short sword (venom)
rCold   . . .      Faith    .   c - +0 buckler
rNeg    + . .      Spirit   +   p - +2 scale mail {rN+}
rPois   .          Reflect  .   t - +2 helmet
rElec   .          Harm     .   (no cloak)
rCorr   .          Rampage  .   (no gloves)
Will    .....                   (no barding)
Stlth   ..........              j - amulet of guardian spirit
HPRegen 0.19/turn               (no ring)
MPRegen 0.10/turn               (no ring)

@: curled up
A: large, rugged brown scales 3, see invisible, deformed body, roll 1, armoured
tail, reflexive curl
a: Rolling Charge


You were on level 5 of the Dungeon.
You visited 1 branch of the dungeon, and saw 5 of its levels.

You collected 129 gold pieces.

Inventory:

Hand Weapons
 a - a +0 flail
 i - a +2 short sword of venom (weapon)
 B - a +2 vampiric short sword
Missiles
 o - a throwing net
 v - 6 poisoned darts (quivered)
Armour
 c - a +0 buckler (worn)
 p - a +2 scale mail of positive energy (worn)
 t - a +2 helmet (worn)
Jewellery
 j - an amulet of guardian spirit (around neck)
Scrolls
 b - 5 scrolls of teleportation {unknown}
 g - 4 scrolls of blinking {unknown}
 h - 8 scrolls of identify {unknown}
 k - a scroll of torment {unknown}
 l - a scroll of fear {unknown}
 n - 3 scrolls of immolation {unknown}
 s - a scroll of acquirement {unknown}
 u - a scroll of enchant armour {unknown}
 y - a scroll of noise {unknown}
 C - a scroll of vulnerability {unknown}
 D - a scroll of magic mapping {unknown}
Potions
 d - 2 potions of might
 e - a potion of heal wounds {unknown}
 f - 2 potions of berserk rage {unknown}
 m - 3 potions of degeneration {unknown}
 q - a potion of attraction {unknown}
 r - 2 potions of lignification {unknown}
 w - a potion of cancellation {unknown}
 x - 2 potions of curing {unknown}
 z - 2 potions of flight {unknown}
 A - 2 potions of mutation {unknown}


   Skills:
 + Level 5.2 Fighting
 * Level 5.7 Short Blades
 - Level 2.5 Maces & Flails
 - Level 2.4 Armour
 + Level 4.7 Shields


You had 6 spell levels left.
You didn't know any spells.
Your spell library was empty.

Dungeon Overview and Level Annotations

Branches:
Dungeon (5/15)
 Temple: D:4-7

Altars:
Hepliaklqana


Innate Abilities, Weirdness & Mutations

You are completely covered in rugged brown scales. (AC +3, +7% HP)
You have supernaturally acute eyesight. (SInv)
Armour fits poorly on your strangely shaped body.
You can roll at nearby foes to attack.
You have a long armoured tail.
You curl defensively after being hit. (AC +7*)


Message History

You throw a poisoned dart.
The poisoned dart hits the komodo dragon.
The komodo dragon is poisoned.
Throw: 7 darts (poison)
Press: ? - help, Q - select action, (/) - cycle Shift-Dir - straight line, f/p - komodo dragon
Aim: a komodo dragon (lightly wounded, poisoned, 65% to hit)
You throw a poisoned dart.
The poisoned dart barely misses the komodo dragon.
Unknown command.
Roll where?
Press: ? - help, Dir - move target, f/p - komodo dragon
Aim: a komodo dragon (lightly wounded, poisoned)
You roll forward with a clatter of scales!
You hit the komodo dragon but do no damage.
The komodo dragon looks even sicker.
The komodo dragon is lightly wounded.
The komodo dragon bites you!!
You completely miss the komodo dragon.
The komodo dragon is lightly wounded.
The komodo dragon bites you!!
A scorpion comes into view.
You hit the komodo dragon but do no damage.
The komodo dragon looks as sick as possible!
You tail-slap the komodo dragon, but do no damage.
The komodo dragon is lightly wounded.
You block the komodo dragon's attack.
You hit the komodo dragon but do no damage.
The komodo dragon looks as sick as possible!
The komodo dragon is lightly wounded.
The komodo dragon bites you but does no damage.
You hit the komodo dragon.
The komodo dragon looks as sick as possible!
You tail-slap the komodo dragon.
The komodo dragon is moderately wounded.
The komodo dragon bites you!!
* * * LOW HITPOINT WARNING * * *
Unknown command.
The komodo dragon attacks as you move away!
The komodo dragon bites you!!
You die...

. #.. #.##..#####
##.....(...#
#...#......#
....s..(...##
............#
##.##.$l....#
.......@....#
...........##
#...#.#....# ##
...........##....
#####.##.........
#.....###.##
#####.# # ..# #.#
.# #.# #.# #.#


You could see a komodo dragon (extremely poisoned) and a scorpion.

Vanquished Creatures
  Grinder (D:3)
  Eustachio (D:4)
  A hound (D:4)
  2 jellies
  An orc priest (D:5)
  Jessica (D:3)
  Natasha (thrice) (D:2)
  An iguana (D:3)
  2 orc wizards
  6 gnolls
  3 adders
  2 worms
  4 dart slugs
  14 orcs
  8 ball pythons
  4 endoplasms
  4 giant cockroaches
  4 goblins
  6 hobgoblins
  3 jackals (D:1)
  8 kobolds
  2 quokkas
  7 bats
  5 frilled lizards
  8 rats
101 creatures vanquished.

Notes
Turn   | Place    | Note
-------+----------+-------------------------------------------
     0 | D:1      | Foxy the Palentonga Fighter began the quest for the Orb.
     0 | D:1      | Reached XP level 1. HP: 19/19 MP: 1/1
   178 | D:1      | Reached XP level 2. HP: 21/25 MP: 2/2
   640 | D:1      | Reached skill level 1 in Short Blades
   741 | D:2      | Noticed Natasha
   750 | D:2      | Killed Natasha
   751 | D:2      | Reached XP level 3. HP: 12/31 MP: 3/3
  1095 | D:2      | Reached XP level 4. HP: 30/37 MP: 4/4
  1121 | D:2      | Noticed Natasha
  1128 | D:2      | Killed Natasha
  1163 | D:2      | Noticed Natasha
  1170 | D:2      | Killed Natasha
  1356 | D:2      | Reached XP level 5. HP: 44/44 MP: 5/5
  1404 | D:2      | Found a hazy altar of Hepliaklqana.
  1927 | D:3      | Noticed Grinder
  1941 | D:3      | Killed Grinder
  1942 | D:3      | Reached XP level 6. HP: 21/52 MP: 3/6
  3024 | D:3      | Found a faded altar of an unknown god.
  3025 | D:3      | Noticed Jessica
  3030 | D:3      | Killed Jessica
  3234 | D:3      | Gained mutation: You curl defensively after being hit. (AC
                  | +7*) [Palentonga growth]
  3234 | D:3      | Reached XP level 7. HP: 50/58 MP: 5/7
  3741 | D:4      | Reached skill level 5 in Short Blades
  4148 | D:4      | Noticed Eustachio
  4215 | D:4      | Killed Eustachio
  4216 | D:4      | Reached skill level 5 in Fighting
  4782 | D:5      | Entered Level 5 of the Dungeon
  4821 | D:5      | Noticed a komodo dragon
  4829 | D:5      | HP: 1/59 [komodo dragon (25)]
  4830 | D:5      | Demolished by a komodo dragon

Illustrated notes

Levels and vault maps discovered:
D:1:      dpeg_arrival_renting, layout_basic, minivault_24
D:2:      layout_basic, basic_altar, uniq_natasha
D:3:      layout_loops_corners, hellmonk_ecumenical_altar_arch_garden,
          minmay_misc_feat_room, glass_columns_b, lemuel_flame_loot_1,
          uniq_jessica, uniq_grinder
D:4:      layout_gridville, kennysheep_windowed_goal, uniq_eustachio
D:5:      layout_loops_ring

Skill      XL: |  1  2  3  4  5  6  7 |
---------------+----------------------+-----
Shields        | 3 4 |  4.7
Short Blades   | 1 2 4 5 |  5.7
Fighting       | 4 5 |  5.2
Maces & Flails | |  2.5
Armour         | |  2.4

Action                   |  1- 3 |  4- 6 |  7- 9 || total
-------------------------+-------+-------+-------++-------
Melee: Flail             |    25 |       |       ||    25
       Tailslap          |     5 |    16 |    15 ||    36
       Short sword       |    49 |   104 |   107 ||   260
Throw: Dart              |       |       |     2 ||     2
 Abil: Rolling Charge    |       |       |     2 ||     2
Armor: Scale mail        |    32 |    46 |    44 ||   122
Dodge: Dodged            |    32 |    33 |    21 ||    86
Block: Buckler           |    24 |    14 |    20 ||    58

Table legend: (Time is in decaauts)
 A = Elapsed time spent in this place.
 B = Non-inter-level travel time spent in this place.
 C = Inter-level travel time spent in this place.
 D = Time resting spent in this place.
 E = Time spent auto-exploring this place.
 F = Levels seen in this place.
 G = Mean time per level.
                   A        B        C        D        E       F      G
               +--------+--------+--------+--------+--------+-----+--------+
         Total |   4834 |   4657 |    177 |    729 |   3231 |   5 |  966.8 |
       Dungeon |   4834 |   4657 |    177 |    729 |   3231 |   5 |  966.8 |
               +--------+--------+--------+--------+--------+-----+--------+

Top non-repeatable levels by time:
     D:3: 1867 daAuts
     D:4: 1115 daAuts
     D:1: 919 daAuts
     D:2: 887 daAuts
     D:5: 45 daAuts
